[ AOE2 MATCH · #486469465 ]
UnrankedPersians vs Cumans
[ REPLAY ANALYSIS · EXTRACTED FROM THE RECORDED GAME ]
Feudal
18:42
Castle
22:17
Imperial
—
| APM avg | 19.7 |
| APM peak | 43 |
| eAPM avg | 13.9 |
| Villagers / military | 117 / 17 |
Focus
⚔️ 18.5% · 🌾 81.5%
Camel Scout ×11 · Fishing Ship ×7 · Knight ×6
Feudal
14:08
Castle
24:58
Imperial
—
| APM avg | 35.4 |
| APM peak | 71 |
| eAPM avg | 17.2 |
| Villagers / military | 107 / 87 |
Focus
⚔️ 25.2% · 🌾 74.8%
Steppe Lancer ×76 · Fishing Ship ×11 · Unknown (2626) ×9 · Battering Ram ×6 · Camel Scout ×5
Feudal
14:44
Castle
24:30
Imperial
—
| APM avg | 18.0 |
| APM peak | 49 |
| eAPM avg | 12.1 |
| Villagers / military | 83 / 27 |
Focus
⚔️ 21.2% · 🌾 78.8%
Kipchak ×16 · Fishing Ship ×11 · Camel Scout ×7 · Unknown (2626) ×7 · Spearman ×3 · Demolition Raft ×1
Feudal
15:19
Castle
19:56
Imperial
—
| APM avg | 28.2 |
| APM peak | 64 |
| eAPM avg | 13.3 |
| Villagers / military | 63 / 21 |
Focus
⚔️ 17.7% · 🌾 82.3%
Spearman ×10 · Fishing Ship ×9 · Camel Scout ×8 · Knight ×2 · Scout Cavalry ×1
Feudal
14:59
Castle
29:36
Imperial
—
| APM avg | 32.6 |
| APM peak | 68 |
| eAPM avg | 14.0 |
| Villagers / military | 52 / 31 |
Focus
⚔️ 22.5% · 🌾 77.5%
Knight ×20 · Fishing Ship ×10 · Scout Cavalry ×6 · Spearman ×5
Feudal
—
Castle
—
Imperial
—
| APM avg | 10.0 |
| APM peak | 30 |
| eAPM avg | 3.4 |
| Villagers / military | 41 / 0 |
Focus
⚔️ 8.6% · 🌾 91.4%
Fishing Ship ×3
Feudal
13:58
Castle
18:05
Imperial
—
| APM avg | 30.4 |
| APM peak | 55 |
| eAPM avg | 15.3 |
| Villagers / military | 113 / 5 |
Focus
⚔️ 16.5% · 🌾 83.5%
Unknown (1944) ×14 · Fishing Ship ×6 · Battering Ram ×5
Feudal
15:38
Castle
20:20
Imperial
—
| APM avg | 19.2 |
| APM peak | 39 |
| eAPM avg | 10.9 |
| Villagers / military | 107 / 28 |
Focus
⚔️ 12.9% · 🌾 87.1%
Knight ×27 · Monk ×1
Match map
Initial resources + every placement click. Lines = walls · curves = elevation contours. ◆ gold · ⬟ stone · ● berries · ✦ relic · ◌ wall gap
Your base· Open — 2t gap
TakEru's base· Open — unwalled flank
SlappyGJ's base· Open — 2t gap
月儿's base· Open — 9t gap
Jesusssx's base· Open — 5t gap
Legendary.'s base· Open — 12t gap
M0rT1nh0's base· Open — 13t gap
The king's base· Open — unwalled flank
Smoothed initial terrain · ◌ = detected wall gap · hover for details
Inputs per minute
— yuXs - - TakEru
Build order — yuXs
First 150 of 255 actions detected
| 0:19 | Build | Town Center |
| 0:45 | Build | Dock |
| 0:49 | Build | House |
| 0:49 | Build | House |
| 2:40 | Queue | Villager (Male) |
| 2:40 | Queue | Villager (Male) |
| 2:40 | Queue | Villager (Male) |
| 2:41 | Queue | Villager (Male) |
| 2:41 | Queue | Villager (Male) |
| 2:41 | Queue | Villager (Male) |
| 3:47 | Build | House |
| 3:57 | Build | House |
| 4:38 | Research | Loom |
| 4:40 | Queue | Fishing Ship |
| 4:59 | Queue | Villager (Male) |
| 4:59 | Queue | Villager (Male) |
| 5:18 | Queue | Villager (Male) |
| 5:25 | Queue | Fishing Ship |
| 5:59 | Queue | Villager (Male) |
| 5:59 | Queue | Villager (Male) |
| 6:22 | Queue | Villager (Male) |
| 6:30 | Build | House |
| 6:42 | Queue | Villager (Male) |
| 6:56 | Build | House |
| 7:19 | Queue | Villager (Male) |
| 7:59 | Build | Town Center |
| 8:38 | Queue | Villager (Male) |
| 8:38 | Queue | Villager (Male) |
| 8:53 | Queue | Fishing Ship |
| 8:58 | Queue | Villager (Male) |
| 9:36 | Queue | Villager (Male) |
| 10:04 | Queue | Villager (Male) |
| 10:16 | Queue | Villager (Male) |
| 11:00 | Queue | Villager (Male) |
| 11:27 | Queue | Villager (Male) |
| 12:05 | Queue | Fishing Ship |
| 12:25 | Queue | Villager (Male) |
| 12:28 | Build | House |
| 12:42 | Build | House |
| 12:58 | Queue | Villager (Male) |
| 13:00 | Queue | Fishing Ship |
| 13:17 | Build | House |
| 13:35 | Build | Mill |
| 13:44 | Queue | Villager (Male) |
| 13:47 | Queue | Villager (Male) |
| 13:55 | Build | Lumber Camp |
| 14:20 | Queue | Villager (Male) |
| 14:28 | Build | Mill |
| 14:46 | Build | Palisade Wall |
| 14:55 | Queue | Villager (Male) |
| 14:59 | Queue | Fishing Ship |
| 15:15 | Queue | Fishing Ship |
| 15:20 | Queue | Villager (Male) |
| 15:37 | Build | Mill |
| 16:38 | Research | Feudal Age |
| 17:04 | Build | Mining Camp |
| 17:34 | Queue | Villager (Male) |
| 18:25 | Queue | Villager (Male) |
| 18:26 | Queue | Villager (Male) |
| 18:42 | Age | Feudal Age |
| 18:49 | Build | Market |
| 18:58 | Build | Blacksmith |
| 19:41 | Build | Palisade Wall |
| 19:52 | Research | Castle Age |
| 19:55 | Build | House |
| 19:56 | Build | House |
| 20:04 | Build | Palisade Gate |
| 20:27 | Build | House |
| 20:28 | Build | House |
| 21:04 | Build | Barracks |
| 21:20 | Build | Palisade Wall |
| 21:33 | Build | House |
| 22:02 | Build | Stable |
| 22:17 | Age | Castle Age |
| 22:18 | Queue | Villager (Male) |
| 22:21 | Queue | Villager (Male) |
| 22:24 | Research | Double-Bit Axe |
| 22:24 | Research | Double-Bit Axe |
| 22:35 | Queue | Knight |
| 22:37 | Queue | Knight |
| 22:52 | Build | House |
| 23:00 | Build | Mining Camp |
| 23:08 | Queue | Villager (Male) |
| 23:08 | Queue | Villager (Male) |
| 23:31 | Research | Bow Saw |
| 23:35 | Research | Horse Collar |
| 23:54 | Queue | Villager (Male) |
| 23:55 | Queue | Villager (Male) |
| 24:08 | Research | Heavy Plow |
| 24:22 | Research | Bloodlines |
| 24:25 | Queue | Villager (Male) |
| 24:36 | Build | Town Center |
| 24:56 | Queue | Villager (Male) |
| 24:56 | Queue | Villager (Male) |
| 25:07 | Build | House |
| 25:08 | Build | House |
| 25:27 | Queue | Villager (Male) |
| 25:35 | Queue | Villager (Male) |
| 25:35 | Queue | Villager (Male) |
| 25:45 | Research | Husbandry |
| 25:58 | Build | Mining Camp |
| 26:11 | Queue | Villager (Male) |
| 26:11 | Queue | Villager (Male) |
| 26:11 | Queue | Villager (Male) |
| 26:32 | Research | Wheelbarrow |
| 26:42 | Queue | Villager (Male) |
| 26:42 | Queue | Villager (Male) |
| 26:52 | Build | Farm |
| 26:52 | Build | Farm |
| 26:52 | Build | Farm |
| 26:53 | Build | Farm |
| 26:53 | Build | Farm |
| 27:00 | Queue | Villager (Male) |
| 27:00 | Queue | Villager (Male) |
| 27:08 | Build | Town Center |
| 27:15 | Build | Farm |
| 27:15 | Build | Farm |
| 27:16 | Build | Farm |
| 27:16 | Build | Farm |
| 27:19 | Queue | Villager (Male) |
| 27:19 | Queue | Villager (Male) |
| 27:26 | Queue | Knight |
| 27:26 | Queue | Knight |
| 27:43 | Build | Farm |
| 27:46 | Queue | Villager (Male) |
| 27:53 | Build | Farm |
| 27:53 | Build | Farm |
| 27:54 | Build | Farm |
| 27:54 | Build | Farm |
| 28:00 | Queue | Villager (Male) |
| 28:15 | Queue | Villager (Male) |
| 28:15 | Queue | Villager (Male) |
| 28:23 | Build | Farm |
| 28:26 | Build | Farm |
| 28:29 | Build | Farm |
| 28:37 | Queue | Villager (Male) |
| 28:37 | Queue | Villager (Male) |
| 28:45 | Queue | Villager (Male) |
| 28:45 | Queue | Villager (Male) |
| 28:54 | Build | House |
| 29:00 | Queue | Villager (Male) |
| 29:01 | Queue | Villager (Male) |
| 29:10 | Build | Town Center |
| 29:16 | Queue | Villager (Male) |
| 29:16 | Queue | Villager (Male) |
| 29:24 | Queue | Villager (Male) |
| 29:33 | Queue | Villager (Male) |
| 29:33 | Queue | Villager (Male) |
| 29:41 | Build | Mill |
| 29:42 | Build | Farm |
Build order — TakEru
First 150 of 251 actions detected
| 0:10 | Build | Town Center |
| 0:16 | Build | House |
| 2:49 | Queue | Villager (Male) |
| 2:49 | Queue | Villager (Male) |
| 2:49 | Queue | Villager (Male) |
| 2:49 | Queue | Villager (Male) |
| 3:00 | Build | Dock |
| 3:40 | Research | Loom |
| 3:40 | Research | Loom |
| 3:40 | Research | Loom |
| 3:54 | Queue | Villager (Male) |
| 3:54 | Queue | Villager (Male) |
| 3:54 | Queue | Villager (Male) |
| 4:15 | Queue | Fishing Ship |
| 4:15 | Queue | Fishing Ship |
| 5:10 | Queue | Villager (Male) |
| 5:23 | Build | House |
| 5:36 | Queue | Villager (Male) |
| 5:37 | Queue | Villager (Male) |
| 5:56 | Queue | Villager (Male) |
| 5:56 | Queue | Villager (Male) |
| 5:56 | Queue | Villager (Male) |
| 5:58 | Build | House |
| 6:50 | Queue | Villager (Male) |
| 6:50 | Queue | Villager (Male) |
| 6:50 | Queue | Villager (Male) |
| 6:57 | Queue | Fishing Ship |
| 6:57 | Queue | Fishing Ship |
| 6:57 | Queue | Fishing Ship |
| 7:21 | Queue | Villager (Male) |
| 7:21 | Queue | Villager (Male) |
| 7:21 | Queue | Villager (Male) |
| 7:22 | Queue | Villager (Male) |
| 7:40 | Queue | Fishing Ship |
| 7:41 | Queue | Fishing Ship |
| 8:02 | Queue | Villager (Male) |
| 8:02 | Queue | Villager (Male) |
| 8:02 | Queue | Villager (Male) |
| 8:29 | Queue | Villager (Male) |
| 8:29 | Queue | Villager (Male) |
| 8:29 | Queue | Villager (Male) |
| 9:06 | Queue | Villager (Male) |
| 9:06 | Queue | Villager (Male) |
| 9:07 | Queue | Villager (Male) |
| 9:09 | Queue | Fishing Ship |
| 9:09 | Queue | Fishing Ship |
| 9:09 | Queue | Fishing Ship |
| 9:09 | Queue | Fishing Ship |
| 9:36 | Build | House |
| 9:42 | Queue | Villager (Male) |
| 9:43 | Queue | Villager (Male) |
| 9:50 | Build | House |
| 10:18 | Build | Mining Camp |
| 11:24 | Build | Mill |
| 11:33 | Queue | Villager (Male) |
| 11:35 | Research | Feudal Age |
| 11:35 | Research | Feudal Age |
| 11:35 | Research | Feudal Age |
| 11:54 | Queue | Villager (Male) |
| 11:54 | Queue | Villager (Male) |
| 11:54 | Queue | Villager (Male) |
| 14:08 | Age | Feudal Age |
| 14:16 | Build | Town Center |
| 14:21 | Queue | Villager (Male) |
| 15:27 | Queue | Villager (Male) |
| 15:28 | Queue | Villager (Male) |
| 15:39 | Build | House |
| 15:40 | Build | House |
| 15:43 | Build | House |
| 15:45 | Build | House |
| 15:52 | Queue | Villager (Male) |
| 15:52 | Queue | Villager (Male) |
| 15:53 | Queue | Villager (Male) |
| 15:53 | Queue | Villager (Male) |
| 15:53 | Queue | Villager (Male) |
| 15:54 | Queue | Villager (Male) |
| 16:18 | Queue | Villager (Male) |
| 16:18 | Queue | Villager (Male) |
| 16:19 | Queue | Villager (Male) |
| 16:19 | Queue | Villager (Male) |
| 16:19 | Queue | Villager (Male) |
| 16:38 | Queue | Unit 2626 |
| 16:39 | Queue | Unit 2626 |
| 16:43 | Queue | Villager (Male) |
| 16:44 | Queue | Villager (Male) |
| 16:44 | Queue | Villager (Male) |
| 16:44 | Queue | Villager (Male) |
| 16:44 | Queue | Villager (Male) |
| 16:44 | Queue | Villager (Male) |
| 16:53 | Queue | Villager (Male) |
| 16:54 | Queue | Villager (Male) |
| 16:54 | Queue | Villager (Male) |
| 17:03 | Queue | Unit 2626 |
| 17:04 | Queue | Unit 2626 |
| 17:04 | Queue | Unit 2626 |
| 17:06 | Queue | Villager (Male) |
| 17:07 | Queue | Villager (Male) |
| 17:07 | Queue | Villager (Male) |
| 17:10 | Queue | Villager (Male) |
| 17:10 | Queue | Villager (Male) |
| 17:11 | Queue | Villager (Male) |
| 17:21 | Queue | Villager (Male) |
| 17:21 | Queue | Villager (Male) |
| 17:21 | Queue | Villager (Male) |
| 17:25 | Queue | Unit 2626 |
| 17:56 | Queue | Villager (Male) |
| 17:56 | Queue | Villager (Male) |
| 17:57 | Queue | Villager (Male) |
| 17:57 | Queue | Villager (Male) |
| 18:10 | Build | House |
| 18:20 | Research | Wheelbarrow |
| 18:56 | Build | Palisade Wall |
| 19:04 | Queue | Villager (Male) |
| 19:04 | Queue | Villager (Male) |
| 19:04 | Queue | Villager (Male) |
| 19:09 | Queue | Unit 2626 |
| 19:36 | Queue | Villager (Male) |
| 19:36 | Queue | Villager (Male) |
| 19:36 | Queue | Villager (Male) |
| 19:37 | Queue | Villager (Male) |
| 19:37 | Queue | Villager (Male) |
| 19:40 | Build | Farm |
| 19:41 | Build | Farm |
| 19:41 | Build | Farm |
| 19:41 | Build | Farm |
| 20:13 | Build | Market |
| 20:20 | Build | Barracks |
| 20:23 | Queue | Villager (Male) |
| 20:23 | Queue | Villager (Male) |
| 20:24 | Queue | Villager (Male) |
| 20:26 | Build | Farm |
| 20:27 | Build | Farm |
| 20:27 | Build | Farm |
| 20:54 | Queue | Unit 2626 |
| 20:54 | Queue | Unit 2626 |
| 21:29 | Build | Stable |
| 21:52 | Research | Town Watch |
| 22:18 | Research | Castle Age |
| 22:18 | Research | Castle Age |
| 22:18 | Research | Castle Age |
| 22:19 | Research | Castle Age |
| 22:24 | Build | Stable |
| 22:29 | Build | Stable |
| 22:44 | Build | Farm |
| 22:45 | Build | Farm |
| 22:52 | Build | Farm |
| 23:29 | Queue | Villager (Male) |
| 23:30 | Queue | Villager (Male) |
| 23:30 | Queue | Villager (Male) |
| 23:30 | Queue | Villager (Male) |
Build order — SlappyGJ
First 150 of 204 actions detected
| 0:35 | Build | Town Center |
| 0:57 | Build | Town Center |
| 1:27 | Build | House |
| 1:28 | Build | House |
| 3:10 | Build | Dock |
| 3:17 | Queue | Villager (Male) |
| 3:17 | Queue | Villager (Male) |
| 3:17 | Queue | Villager (Male) |
| 3:17 | Queue | Villager (Male) |
| 3:18 | Queue | Villager (Male) |
| 3:36 | Research | Loom |
| 4:39 | Queue | Villager (Male) |
| 5:10 | Queue | Villager (Male) |
| 5:56 | Queue | Villager (Male) |
| 6:38 | Queue | Villager (Male) |
| 6:38 | Queue | Villager (Male) |
| 6:40 | Queue | Villager (Male) |
| 6:40 | Queue | Villager (Male) |
| 6:40 | Queue | Villager (Male) |
| 7:08 | Queue | Fishing Ship |
| 7:20 | Build | House |
| 8:04 | Queue | Villager (Male) |
| 8:04 | Queue | Villager (Male) |
| 8:04 | Queue | Villager (Male) |
| 8:08 | Queue | Fishing Ship |
| 8:09 | Queue | Fishing Ship |
| 8:20 | Queue | Villager (Male) |
| 8:46 | Queue | Fishing Ship |
| 8:46 | Queue | Fishing Ship |
| 8:59 | Build | House |
| 9:00 | Build | House |
| 9:08 | Queue | Villager (Male) |
| 9:21 | Queue | Fishing Ship |
| 9:24 | Queue | Villager (Male) |
| 9:25 | Queue | Villager (Male) |
| 9:55 | Queue | Villager (Male) |
| 9:56 | Queue | Villager (Male) |
| 9:56 | Queue | Villager (Male) |
| 10:02 | Queue | Fishing Ship |
| 10:24 | Queue | Villager (Male) |
| 10:33 | Build | House |
| 10:35 | Build | House |
| 10:36 | Build | House |
| 10:56 | Queue | Fishing Ship |
| 11:33 | Build | Mining Camp |
| 11:58 | Queue | Villager (Male) |
| 11:59 | Queue | Villager (Male) |
| 12:07 | Queue | Villager (Male) |
| 12:07 | Queue | Villager (Male) |
| 12:28 | Build | Lumber Camp |
| 12:31 | Research | Feudal Age |
| 12:45 | Queue | Villager (Male) |
| 12:45 | Queue | Villager (Male) |
| 13:35 | Build | Mining Camp |
| 14:06 | Queue | Fishing Ship |
| 14:06 | Queue | Fishing Ship |
| 14:44 | Age | Feudal Age |
| 15:13 | Queue | Villager (Male) |
| 15:13 | Queue | Villager (Male) |
| 15:55 | Build | Town Center |
| 16:01 | Queue | Villager (Male) |
| 16:01 | Queue | Villager (Male) |
| 16:14 | Build | Blacksmith |
| 16:21 | Queue | Villager (Male) |
| 16:54 | Queue | Demolition Raft |
| 17:00 | Queue | Fishing Ship |
| 17:42 | Queue | Villager (Male) |
| 17:42 | Queue | Villager (Male) |
| 17:43 | Queue | Villager (Male) |
| 17:43 | Queue | Villager (Male) |
| 17:44 | Queue | Villager (Male) |
| 17:45 | Queue | Villager (Male) |
| 17:45 | Queue | Villager (Male) |
| 18:10 | Build | Mill |
| 18:14 | Queue | Villager (Male) |
| 18:21 | Build | Barracks |
| 18:55 | Build | House |
| 18:56 | Build | House |
| 18:57 | Build | House |
| 18:58 | Build | House |
| 19:00 | Build | House |
| 19:02 | Build | House |
| 19:07 | Build | Palisade Wall |
| 19:28 | Build | Mining Camp |
| 19:32 | Queue | Villager (Male) |
| 19:32 | Queue | Villager (Male) |
| 19:32 | Queue | Villager (Male) |
| 19:32 | Queue | Villager (Male) |
| 19:33 | Queue | Villager (Male) |
| 19:35 | Queue | Villager (Male) |
| 20:00 | Build | Palisade Wall |
| 20:05 | Build | Palisade Gate |
| 20:14 | Research | Town Watch |
| 20:15 | Research | Wheelbarrow |
| 20:30 | Build | Archery Range |
| 20:39 | Build | Mining Camp |
| 20:52 | Queue | Villager (Male) |
| 20:53 | Queue | Villager (Male) |
| 20:56 | Queue | Villager (Male) |
| 20:56 | Queue | Villager (Male) |
| 21:19 | Build | Lumber Camp |
| 21:28 | Research | Fletching |
| 21:29 | Research | Padded Archer Armor |
| 21:46 | Research | Castle Age |
| 22:12 | Research | Stone Mining |
| 22:12 | Research | Gold Mining |
| 22:21 | Build | Archery Range |
| 22:25 | Build | Stable |
| 22:30 | Queue | Villager (Male) |
| 22:30 | Queue | Villager (Male) |
| 22:30 | Queue | Villager (Male) |
| 22:45 | Build | House |
| 22:46 | Build | House |
| 22:49 | Build | House |
| 22:50 | Build | House |
| 23:05 | Build | House |
| 23:07 | Build | House |
| 23:09 | Build | House |
| 23:19 | Research | Double-Bit Axe |
| 23:25 | Research | Horse Collar |
| 23:43 | Build | Stable |
| 23:56 | Build | House |
| 23:58 | Build | House |
| 23:59 | Build | House |
| 24:00 | Build | House |
| 24:01 | Build | House |
| 24:03 | Build | House |
| 24:04 | Build | House |
| 24:05 | Build | House |
| 24:07 | Build | House |
| 24:18 | Queue | Villager (Male) |
| 24:18 | Queue | Villager (Male) |
| 24:19 | Queue | Villager (Male) |
| 24:30 | Age | Castle Age |
| 25:19 | Research | War Galley (upgrade) |
| 25:20 | Queue | Unit 2626 ×5 |
| 25:35 | Build | Dock |
| 25:40 | Queue | Villager (Male) |
| 25:40 | Queue | Villager (Male) |
| 25:54 | Build | Castle |
| 26:07 | Queue | Villager (Male) |
| 26:07 | Queue | Villager (Male) |
| 26:14 | Build | Farm |
| 26:14 | Build | Farm |
| 26:23 | Build | Farm |
| 26:24 | Build | Farm |
| 26:24 | Build | Farm |
| 26:24 | Build | Farm |
| 26:25 | Build | Farm |
| 26:34 | Build | Farm |
Build order — 月儿
First 150 of 156 actions detected
| 1:57 | Build | Town Center |
| 2:52 | Build | House |
| 2:55 | Build | House |
| 3:06 | Build | Dock |
| 4:14 | Queue | Villager (Male) |
| 4:15 | Queue | Villager (Male) |
| 4:15 | Queue | Villager (Male) |
| 4:15 | Queue | Villager (Male) |
| 4:15 | Queue | Villager (Male) |
| 4:16 | Queue | Villager (Male) |
| 4:41 | Queue | Fishing Ship |
| 5:38 | Build | House |
| 5:44 | Queue | Villager (Male) |
| 6:05 | Build | House |
| 6:16 | Queue | Villager (Male) |
| 6:16 | Queue | Villager (Male) |
| 6:53 | Queue | Villager (Male) |
| 6:54 | Queue | Villager (Male) |
| 7:08 | Queue | Fishing Ship |
| 7:18 | Queue | Villager (Male) |
| 7:18 | Queue | Villager (Male) |
| 7:30 | Queue | Fishing Ship |
| 7:45 | Build | House |
| 8:02 | Build | House |
| 8:04 | Build | House |
| 8:06 | Queue | Villager (Male) |
| 8:06 | Queue | Villager (Male) |
| 8:30 | Queue | Villager (Male) |
| 8:30 | Queue | Villager (Male) |
| 8:49 | Queue | Villager (Male) |
| 8:49 | Queue | Villager (Male) |
| 8:51 | Queue | Fishing Ship |
| 9:10 | Queue | Villager (Male) |
| 9:10 | Queue | Villager (Male) |
| 9:35 | Queue | Fishing Ship |
| 9:39 | Queue | Villager (Male) |
| 9:39 | Queue | Villager (Male) |
| 9:45 | Queue | Fishing Ship |
| 9:49 | Queue | Villager (Male) |
| 9:49 | Queue | Villager (Male) |
| 9:50 | Queue | Villager (Male) |
| 9:50 | Queue | Villager (Male) |
| 10:34 | Build | Mill |
| 10:52 | Queue | Fishing Ship |
| 10:57 | Build | House |
| 11:04 | Build | House |
| 11:28 | Queue | Villager (Male) |
| 11:29 | Queue | Villager (Male) |
| 11:29 | Queue | Villager (Male) |
| 11:30 | Queue | Villager (Male) |
| 11:39 | Build | Lumber Camp |
| 11:53 | Build | Mining Camp |
| 12:35 | Queue | Fishing Ship |
| 12:54 | Build | House |
| 13:02 | Research | Feudal Age |
| 13:24 | Build | Mill |
| 13:39 | Build | House |
| 13:42 | Build | House |
| 14:27 | Build | Mill |
| 14:31 | Queue | Villager (Male) |
| 14:31 | Queue | Villager (Male) |
| 15:12 | Build | Barracks |
| 15:19 | Age | Feudal Age |
| 15:43 | Build | Blacksmith |
| 16:01 | Queue | Villager (Male) |
| 16:18 | Build | Stable |
| 16:32 | Queue | Villager (Male) |
| 16:37 | Queue | Spearman |
| 16:42 | Research | Loom |
| 17:30 | Research | Castle Age |
| 17:34 | Build | House |
| 17:42 | Queue | Spearman |
| 17:56 | Build | Lumber Camp |
| 18:53 | Queue | Spearman |
| 18:54 | Queue | Spearman |
| 19:08 | Queue | Spearman |
| 19:08 | Queue | Spearman |
| 19:56 | Age | Castle Age |
| 20:03 | Queue | Scout Cavalry |
| 20:10 | Build | Mining Camp |
| 20:51 | Queue | Spearman |
| 21:10 | Build | Mining Camp |
| 21:15 | Build | Lumber Camp |
| 21:40 | Queue | Villager (Male) |
| 21:41 | Queue | Villager (Male) |
| 21:49 | Queue | Spearman |
| 21:50 | Queue | Spearman |
| 23:16 | Queue | Villager (Male) |
| 23:17 | Queue | Villager (Male) |
| 23:28 | Queue | Villager (Male) |
| 23:28 | Queue | Villager (Male) |
| 23:29 | Queue | Villager (Male) |
| 23:40 | Queue | Knight |
| 23:40 | Queue | Knight |
| 23:43 | Queue | Camel Scout |
| 23:44 | Queue | Camel Scout |
| 24:06 | Queue | Camel Scout |
| 24:43 | Queue | Villager (Male) |
| 24:50 | Queue | Fishing Ship |
| 25:16 | Queue | Villager (Male) |
| 25:16 | Queue | Villager (Male) |
| 25:30 | Queue | Villager (Male) |
| 26:21 | Build | Castle |
| 26:27 | Queue | Villager (Male) |
| 26:27 | Queue | Villager (Male) |
| 26:27 | Queue | Villager (Male) |
| 27:13 | Queue | Camel Scout |
| 27:13 | Queue | Camel Scout |
| 27:34 | Queue | Villager (Male) |
| 27:42 | Queue | Villager (Male) |
| 27:53 | Build | Mining Camp |
| 27:56 | Queue | Camel Scout |
| 27:58 | Queue | Villager (Male) |
| 27:58 | Queue | Villager (Male) |
| 29:17 | Queue | Villager (Male) |
| 29:17 | Queue | Villager (Male) |
| 29:24 | Build | Farm |
| 29:25 | Build | Farm |
| 29:26 | Build | Farm |
| 29:26 | Build | Farm |
| 29:26 | Build | Farm |
| 29:27 | Build | Farm |
| 29:36 | Build | Town Center |
| 31:26 | Queue | Villager (Male) |
| 31:26 | Queue | Villager (Male) |
| 31:51 | Queue | Villager (Male) |
| 31:51 | Queue | Villager (Male) |
| 31:53 | Build | Farm |
| 31:56 | Build | Farm |
| 31:56 | Build | Farm |
| 31:57 | Build | Farm |
| 32:00 | Build | Mill |
| 32:01 | Build | Farm |
| 32:02 | Build | Farm |
| 32:02 | Build | Farm |
| 32:14 | Queue | Camel Scout |
| 32:15 | Queue | Camel Scout |
| 32:24 | Build | Stable |
| 32:28 | Queue | Spearman |
| 32:37 | Build | Farm |
| 32:40 | Build | Farm |
| 32:40 | Build | Farm |
| 32:50 | Build | Palisade Gate |
| 32:58 | Build | Palisade Gate |
| 33:00 | Build | House |
| 33:03 | Build | House |
| 33:04 | Build | House |
| 33:08 | Build | House |
| 33:11 | Build | House |
| 33:14 | Build | House |
Build order — Jesusssx
First 150 of 176 actions detected
| 0:09 | Build | House |
| 0:09 | Build | House |
| 2:05 | Build | Town Center |
| 2:20 | Build | Dock |
| 4:17 | Queue | Villager (Male) |
| 4:17 | Queue | Villager (Male) |
| 4:17 | Queue | Villager (Male) |
| 4:18 | Queue | Villager (Male) |
| 5:38 | Queue | Villager (Male) |
| 6:27 | Queue | Villager (Male) |
| 7:06 | Queue | Villager (Male) |
| 7:06 | Queue | Villager (Male) |
| 7:16 | Queue | Fishing Ship |
| 7:48 | Queue | Villager (Male) |
| 8:04 | Queue | Villager (Male) |
| 8:31 | Build | House |
| 8:33 | Build | House |
| 8:36 | Queue | Villager (Male) |
| 8:57 | Build | Lumber Camp |
| 8:59 | Queue | Villager (Male) |
| 8:59 | Queue | Villager (Male) |
| 9:13 | Research | Loom |
| 9:13 | Queue | Villager (Male) |
| 9:14 | Queue | Villager (Male) |
| 9:26 | Build | House |
| 9:36 | Queue | Villager (Male) |
| 9:58 | Queue | Villager (Male) |
| 10:08 | Queue | Villager (Male) |
| 10:12 | Queue | Villager (Male) |
| 10:49 | Build | Mill |
| 10:50 | Queue | Villager (Male) |
| 11:36 | Queue | Fishing Ship |
| 12:49 | Research | Feudal Age |
| 12:52 | Build | Barracks |
| 13:41 | Build | House |
| 13:54 | Queue | Fishing Ship |
| 14:59 | Age | Feudal Age |
| 15:13 | Build | Stable |
| 15:14 | Queue | Villager (Male) |
| 15:18 | Research | Double-Bit Axe |
| 15:38 | Queue | Villager (Male) |
| 15:58 | Queue | Scout Cavalry |
| 15:59 | Queue | Scout Cavalry |
| 16:10 | Build | Blacksmith |
| 16:13 | Queue | Villager (Male) |
| 16:19 | Research | Horse Collar |
| 16:29 | Queue | Villager (Male) |
| 16:54 | Build | Mining Camp |
| 16:59 | Queue | Scout Cavalry |
| 17:25 | Queue | Villager (Male) |
| 17:38 | Queue | Scout Cavalry |
| 17:46 | Build | Mining Camp |
| 18:03 | Queue | Villager (Male) |
| 18:04 | Queue | Villager (Male) |
| 18:49 | Build | Watch Tower |
| 18:54 | Queue | Villager (Male) |
| 18:54 | Queue | Villager (Male) |
| 18:55 | Build | Farm |
| 18:56 | Build | Farm |
| 19:06 | Queue | Fishing Ship |
| 19:10 | Build | House |
| 19:28 | Queue | Villager (Male) |
| 19:29 | Build | Farm |
| 20:08 | Queue | Scout Cavalry |
| 20:09 | Queue | Scout Cavalry |
| 20:19 | Build | Watch Tower |
| 20:22 | Build | Palisade Wall |
| 20:24 | Build | Palisade Wall |
| 20:26 | Build | Palisade Wall |
| 20:28 | Build | Palisade Wall |
| 20:35 | Queue | Villager (Male) |
| 20:35 | Queue | Villager (Male) |
| 20:36 | Queue | Villager (Male) |
| 20:37 | Build | Farm |
| 20:38 | Build | Farm |
| 20:56 | Queue | Villager (Male) |
| 20:56 | Queue | Villager (Male) |
| 21:09 | Queue | Fishing Ship |
| 21:10 | Queue | Villager (Male) |
| 21:13 | Build | Farm |
| 21:23 | Build | House |
| 21:24 | Build | House |
| 21:28 | Research | Tech 906 |
| 21:28 | Queue | Villager (Male) |
| 21:53 | Build | Palisade Wall |
| 21:57 | Build | Palisade Wall |
| 21:58 | Build | Palisade Wall |
| 21:59 | Build | Palisade Wall |
| 22:00 | Build | Palisade Wall |
| 22:04 | Build | Palisade Wall |
| 22:07 | Queue | Villager (Male) |
| 22:07 | Queue | Villager (Male) |
| 22:11 | Build | Farm |
| 22:20 | Queue | Fishing Ship |
| 23:02 | Build | Stable |
| 23:12 | Build | Dock |
| 23:15 | Queue | Fishing Ship |
| 23:22 | Queue | Villager (Male) |
| 23:28 | Build | Palisade Wall |
| 23:29 | Build | Palisade Wall |
| 24:11 | Queue | Villager (Male) |
| 24:13 | Research | Bloodlines |
| 24:17 | Research | Scale Barding Armor |
| 24:29 | Build | Farm |
| 24:30 | Build | Farm |
| 24:31 | Build | Farm |
| 24:32 | Build | Farm |
| 24:34 | Queue | Villager (Male) |
| 24:41 | Queue | Fishing Ship |
| 24:46 | Queue | Fishing Ship |
| 25:22 | Build | House |
| 25:26 | Build | House |
| 25:30 | Research | Wheelbarrow |
| 26:09 | Build | House |
| 26:10 | Build | House |
| 26:11 | Build | House |
| 26:19 | Build | Farm |
| 26:20 | Build | Farm |
| 26:52 | Queue | Fishing Ship |
| 26:56 | Research | Castle Age |
| 27:07 | Build | Stable |
| 27:14 | Build | House |
| 27:16 | Build | House |
| 27:24 | Build | House |
| 27:28 | Build | House |
| 27:30 | Build | House |
| 28:08 | Build | Stable |
| 28:43 | Research | Gold Mining |
| 29:04 | Build | Stable |
| 29:36 | Age | Castle Age |
| 29:39 | Queue | Villager (Male) |
| 29:45 | Research | Chain Barding Armor |
| 29:48 | Research | Heavy Plow |
| 29:51 | Queue | Villager (Male) |
| 30:03 | Queue | Knight |
| 30:03 | Queue | Knight |
| 30:03 | Queue | Knight |
| 30:04 | Queue | Knight |
| 30:04 | Queue | Knight |
| 30:04 | Queue | Knight |
| 30:05 | Queue | Knight |
| 30:05 | Queue | Knight |
| 30:06 | Queue | Knight |
| 30:06 | Queue | Knight |
| 30:07 | Queue | Knight |
| 30:08 | Queue | Knight |
| 30:15 | Queue | Villager (Male) |
| 30:20 | Research | Bow Saw |
| 30:45 | Queue | Spearman |
| 30:46 | Queue | Spearman |
Build order — Legendary.
52 actions detected in the replay
| 0:09 | Build | Town Center |
| 0:15 | Build | House |
| 2:44 | Queue | Villager (Male) |
| 2:44 | Queue | Villager (Male) |
| 2:49 | Build | House |
| 2:55 | Queue | Villager (Male) |
| 2:55 | Queue | Villager (Male) |
| 2:56 | Queue | Villager (Male) |
| 3:23 | Research | Loom |
| 3:24 | Queue | Villager (Male) |
| 3:24 | Queue | Villager (Male) |
| 3:24 | Queue | Villager (Male) |
| 3:24 | Queue | Villager (Male) |
| 3:25 | Queue | Villager (Male) |
| 3:38 | Build | House |
| 4:35 | Build | House |
| 4:47 | Queue | Villager (Male) |
| 4:47 | Queue | Villager (Male) |
| 4:47 | Queue | Villager (Male) |
| 4:47 | Queue | Villager (Male) |
| 4:48 | Queue | Villager (Male) |
| 5:19 | Queue | Villager (Male) |
| 5:19 | Queue | Villager (Male) |
| 5:19 | Queue | Villager (Male) |
| 5:29 | Build | Mill |
| 6:00 | Queue | Villager (Male) |
| 6:00 | Queue | Villager (Male) |
| 6:00 | Queue | Villager (Male) |
| 7:21 | Queue | Villager (Male) |
| 7:22 | Queue | Villager (Male) |
| 7:22 | Queue | Villager (Male) |
| 7:44 | Queue | Villager (Male) |
| 7:44 | Queue | Villager (Male) |
| 7:58 | Queue | Villager (Male) |
| 7:59 | Queue | Villager (Male) |
| 8:42 | Queue | Villager (Male) |
| 8:42 | Queue | Villager (Male) |
| 8:43 | Queue | Villager (Male) |
| 9:03 | Queue | Villager (Male) |
| 9:04 | Queue | Villager (Male) |
| 9:15 | Build | Dock |
| 9:28 | Queue | Villager (Male) |
| 9:28 | Queue | Villager (Male) |
| 10:06 | Queue | Villager (Male) |
| 10:06 | Queue | Villager (Male) |
| 10:07 | Queue | Villager (Male) |
| 10:40 | Queue | Fishing Ship |
| 10:40 | Queue | Fishing Ship |
| 10:56 | Queue | Villager (Male) |
| 10:57 | Queue | Villager (Male) |
| 10:57 | Queue | Villager (Male) |
| 12:40 | Queue | Fishing Ship |
Build order — M0rT1nh0
First 150 of 238 actions detected
| 0:59 | Build | Town Center |
| 1:19 | Build | House |
| 1:21 | Build | Dock |
| 2:58 | Queue | Villager (Male) |
| 2:59 | Queue | Villager (Male) |
| 2:59 | Queue | Villager (Male) |
| 3:06 | Queue | Villager (Male) |
| 3:07 | Queue | Villager (Male) |
| 4:21 | Queue | Fishing Ship |
| 4:28 | Queue | Villager (Male) |
| 4:28 | Queue | Villager (Male) |
| 4:49 | Build | House |
| 5:17 | Queue | Villager (Male) |
| 5:18 | Queue | Villager (Male) |
| 5:36 | Queue | Fishing Ship |
| 5:39 | Queue | Villager (Male) |
| 5:39 | Queue | Villager (Male) |
| 6:36 | Queue | Villager (Male) |
| 6:38 | Queue | Fishing Ship |
| 6:45 | Queue | Villager (Male) |
| 6:45 | Queue | Villager (Male) |
| 7:05 | Build | House |
| 7:11 | Queue | Villager (Male) |
| 7:12 | Queue | Villager (Male) |
| 7:56 | Queue | Villager (Male) |
| 7:56 | Queue | Villager (Male) |
| 8:03 | Queue | Fishing Ship |
| 8:16 | Research | Loom |
| 8:17 | Queue | Villager (Male) |
| 8:19 | Queue | Fishing Ship |
| 8:24 | Build | House |
| 8:28 | Queue | Villager (Male) |
| 8:28 | Queue | Villager (Male) |
| 8:54 | Queue | Villager (Male) |
| 8:54 | Queue | Villager (Male) |
| 9:02 | Queue | Fishing Ship |
| 9:14 | Queue | Villager (Male) |
| 9:14 | Queue | Villager (Male) |
| 9:45 | Build | House |
| 9:48 | Queue | Villager (Male) |
| 9:48 | Queue | Villager (Male) |
| 10:03 | Queue | Villager (Male) |
| 10:04 | Queue | Villager (Male) |
| 10:17 | Queue | Villager (Male) |
| 10:17 | Queue | Villager (Male) |
| 10:25 | Build | Mining Camp |
| 11:43 | Research | Feudal Age |
| 12:44 | Queue | Villager (Male) |
| 12:45 | Queue | Villager (Male) |
| 13:00 | Queue | Villager (Male) |
| 13:00 | Queue | Villager (Male) |
| 13:58 | Age | Feudal Age |
| 14:02 | Queue | Villager (Male) |
| 14:04 | Build | Barracks |
| 14:08 | Build | Blacksmith |
| 14:49 | Build | Stable |
| 14:54 | Queue | Villager (Male) |
| 15:06 | Build | Lumber Camp |
| 15:25 | Research | Castle Age |
| 15:33 | Build | House |
| 15:49 | Research | Bloodlines |
| 15:59 | Build | House |
| 16:02 | Build | House |
| 16:11 | Research | Double-Bit Axe |
| 16:43 | Build | Mill |
| 16:58 | Research | Gold Mining |
| 17:42 | Research | Horse Collar |
| 18:05 | Age | Castle Age |
| 18:10 | Build | Siege Workshop |
| 18:15 | Queue | Unit 1944 |
| 18:15 | Queue | Unit 1944 |
| 18:17 | Queue | Villager (Male) |
| 18:18 | Queue | Villager (Male) |
| 18:20 | Research | Bow Saw |
| 18:28 | Queue | Villager (Male) |
| 18:55 | Queue | Battering Ram |
| 19:09 | Queue | Villager (Male) |
| 19:18 | Research | Heavy Plow |
| 19:23 | Queue | Unit 1944 |
| 19:31 | Queue | Battering Ram |
| 19:42 | Queue | Villager (Male) |
| 19:42 | Queue | Villager (Male) |
| 20:05 | Build | Farm |
| 20:23 | Queue | Battering Ram |
| 20:27 | Research | Scale Barding Armor |
| 20:30 | Queue | Unit 1944 |
| 20:37 | Build | House |
| 20:38 | Build | House |
| 20:47 | Queue | Villager (Male) |
| 20:47 | Queue | Villager (Male) |
| 21:18 | Queue | Battering Ram |
| 21:18 | Queue | Battering Ram |
| 21:31 | Research | Forging |
| 21:32 | Queue | Villager (Male) |
| 21:32 | Queue | Villager (Male) |
| 21:57 | Queue | Unit 1944 |
| 21:57 | Queue | Unit 1944 |
| 22:06 | Queue | Villager (Male) |
| 22:59 | Queue | Villager (Male) |
| 22:59 | Queue | Villager (Male) |
| 23:03 | Build | Town Center |
| 23:04 | Queue | Villager (Male) |
| 23:04 | Queue | Villager (Male) |
| 23:10 | Build | Town Center |
| 23:32 | Queue | Villager (Male) |
| 23:50 | Research | Tech 905 |
| 24:08 | Queue | Villager (Male) |
| 24:13 | Build | Farm |
| 24:14 | Build | Farm |
| 24:14 | Build | Farm |
| 24:14 | Build | Farm |
| 24:15 | Build | Farm |
| 24:15 | Build | Farm |
| 24:15 | Build | Farm |
| 24:15 | Build | Farm |
| 24:15 | Build | Farm |
| 24:17 | Queue | Villager (Male) |
| 24:18 | Queue | Villager (Male) |
| 24:38 | Queue | Villager (Male) |
| 24:46 | Build | Farm |
| 24:47 | Build | Farm |
| 24:47 | Build | Farm |
| 24:47 | Build | Farm |
| 24:47 | Build | Farm |
| 24:48 | Build | Farm |
| 24:48 | Build | Farm |
| 24:58 | Queue | Villager (Male) |
| 24:58 | Queue | Villager (Male) |
| 25:31 | Queue | Villager (Male) |
| 25:40 | Build | Farm |
| 25:50 | Build | House |
| 25:54 | Build | House |
| 25:55 | Queue | Villager (Male) |
| 25:58 | Queue | Villager (Male) |
| 25:58 | Queue | Villager (Male) |
| 26:00 | Queue | Villager (Male) |
| 26:01 | Queue | Villager (Male) |
| 26:05 | Build | Farm |
| 26:07 | Build | Farm |
| 26:10 | Build | Farm |
| 26:11 | Queue | Villager (Male) |
| 26:11 | Queue | Villager (Male) |
| 26:13 | Build | Farm |
| 26:15 | Queue | Villager (Male) |
| 26:15 | Queue | Villager (Male) |
| 26:23 | Build | Farm |
| 26:31 | Build | Farm |
| 26:36 | Build | Farm |
| 26:36 | Queue | Villager (Male) |
| 26:37 | Queue | Villager (Male) |
Build order — The king
First 150 of 219 actions detected
| 0:38 | Build | Town Center |
| 1:48 | Build | House |
| 2:20 | Build | House |
| 2:45 | Queue | Villager (Male) |
| 2:45 | Queue | Villager (Male) |
| 2:51 | Queue | Villager (Male) |
| 2:52 | Queue | Villager (Male) |
| 2:52 | Queue | Villager (Male) |
| 2:52 | Queue | Villager (Male) |
| 2:58 | Build | House |
| 3:30 | Build | Lumber Camp |
| 4:14 | Research | Loom |
| 4:39 | Queue | Villager (Male) |
| 4:40 | Queue | Villager (Male) |
| 4:59 | Queue | Villager (Male) |
| 5:00 | Queue | Villager (Male) |
| 5:12 | Queue | Villager (Male) |
| 5:38 | Queue | Villager (Male) |
| 5:38 | Queue | Villager (Male) |
| 6:18 | Queue | Villager (Male) |
| 6:18 | Queue | Villager (Male) |
| 6:19 | Queue | Villager (Male) |
| 7:09 | Queue | Villager (Male) |
| 7:10 | Queue | Villager (Male) |
| 7:19 | Build | Mill |
| 7:21 | Queue | Villager (Male) |
| 7:31 | Queue | Villager (Male) |
| 7:32 | Queue | Villager (Male) |
| 7:56 | Queue | Villager (Male) |
| 7:56 | Queue | Villager (Male) |
| 7:57 | Queue | Villager (Male) |
| 8:55 | Build | Mill |
| 9:05 | Queue | Villager (Male) |
| 9:05 | Queue | Villager (Male) |
| 9:17 | Build | House |
| 9:56 | Build | House |
| 10:06 | Queue | Villager (Male) |
| 10:41 | Queue | Villager (Male) |
| 11:10 | Build | Mining Camp |
| 11:39 | Queue | Villager (Male) |
| 12:24 | Build | Mill |
| 12:33 | Queue | Villager (Male) |
| 13:28 | Research | Feudal Age |
| 13:39 | Build | Barracks |
| 14:51 | Build | House |
| 15:24 | Build | Mill |
| 15:38 | Age | Feudal Age |
| 15:38 | Build | House |
| 15:40 | Queue | Villager (Male) |
| 15:41 | Queue | Villager (Male) |
| 15:48 | Build | Stable |
| 15:58 | Build | Blacksmith |
| 16:11 | Queue | Villager (Male) |
| 16:22 | Build | Farm |
| 16:23 | Build | Farm |
| 16:59 | Build | House |
| 17:05 | Build | Stable |
| 17:40 | Research | Castle Age |
| 17:48 | Build | House |
| 17:56 | Build | Palisade Wall |
| 18:00 | Build | Farm |
| 18:04 | Build | Farm |
| 18:24 | Build | House |
| 18:41 | Research | Double-Bit Axe |
| 18:54 | Build | Farm |
| 19:12 | Build | House |
| 19:20 | Research | Horse Collar |
| 19:38 | Research | Scale Barding Armor |
| 19:52 | Build | House |
| 20:09 | Research | Forging |
| 20:20 | Age | Castle Age |
| 20:31 | Queue | Knight |
| 20:31 | Queue | Knight |
| 20:31 | Queue | Knight |
| 20:32 | Queue | Knight |
| 20:37 | Queue | Villager (Male) |
| 20:39 | Queue | Villager (Male) |
| 20:45 | Build | Town Center |
| 20:50 | Queue | Villager (Male) |
| 21:12 | Queue | Knight |
| 21:12 | Queue | Knight |
| 21:28 | Queue | Knight |
| 21:28 | Queue | Knight |
| 21:48 | Queue | Villager (Male) |
| 21:50 | Queue | Villager (Male) |
| 21:57 | Queue | Villager (Male) |
| 22:23 | Queue | Villager (Male) |
| 22:25 | Queue | Villager (Male) |
| 22:32 | Queue | Knight |
| 22:32 | Queue | Knight |
| 23:03 | Build | Farm |
| 23:06 | Build | Farm |
| 23:07 | Queue | Villager (Male) |
| 23:10 | Queue | Villager (Male) |
| 23:11 | Queue | Villager (Male) |
| 23:28 | Build | House |
| 23:30 | Build | House |
| 23:31 | Queue | Villager (Male) |
| 23:32 | Queue | Villager (Male) |
| 23:49 | Queue | Knight |
| 23:50 | Queue | Knight |
| 24:12 | Queue | Villager (Male) |
| 24:13 | Queue | Villager (Male) |
| 24:14 | Queue | Villager (Male) |
| 24:14 | Queue | Villager (Male) |
| 24:19 | Build | Town Center |
| 24:23 | Build | Farm |
| 24:24 | Build | Farm |
| 24:29 | Queue | Villager (Male) |
| 24:42 | Queue | Knight |
| 24:42 | Queue | Knight |
| 24:56 | Build | Farm |
| 25:00 | Build | Farm |
| 25:15 | Queue | Villager (Male) |
| 25:16 | Queue | Villager (Male) |
| 25:17 | Queue | Villager (Male) |
| 25:35 | Queue | Knight |
| 25:35 | Queue | Knight |
| 25:47 | Build | Farm |
| 25:50 | Queue | Villager (Male) |
| 25:50 | Queue | Villager (Male) |
| 25:55 | Build | Farm |
| 26:00 | Build | House |
| 26:04 | Queue | Villager (Male) |
| 26:17 | Queue | Knight |
| 26:17 | Queue | Knight |
| 26:35 | Queue | Villager (Male) |
| 26:36 | Queue | Villager (Male) |
| 26:36 | Queue | Villager (Male) |
| 26:55 | Queue | Villager (Male) |
| 26:56 | Queue | Villager (Male) |
| 26:56 | Queue | Villager (Male) |
| 26:57 | Queue | Villager (Male) |
| 27:02 | Build | Farm |
| 27:06 | Build | Farm |
| 27:07 | Build | Farm |
| 27:09 | Build | Farm |
| 27:13 | Build | Farm |
| 27:24 | Queue | Villager (Male) |
| 27:24 | Queue | Villager (Male) |
| 27:25 | Queue | Villager (Male) |
| 27:47 | Queue | Villager (Male) |
| 27:48 | Queue | Villager (Male) |
| 27:48 | Queue | Villager (Male) |
| 27:49 | Queue | Villager (Male) |
| 27:57 | Build | Krepost |
| 28:09 | Queue | Villager (Male) |
| 28:10 | Queue | Villager (Male) |
| 28:13 | Build | Farm |
| 28:15 | Build | Farm |
Match timeline
| 0:45 | yuXs · first_building Dock |
| 1:21 | M0rT1nh0 · first_building Dock |
| 2:20 | Jesusssx · first_building Dock |
| 3:00 | TakEru · first_building Dock |
| 3:06 | 月儿 · first_building Dock |
| 3:10 | SlappyGJ · first_building Dock |
| 9:15 | Legendary. · first_building Dock |
| 12:52 | Jesusssx · first_building Barracks |
| 13:39 | The king · first_building Barracks |
| 13:58 | M0rT1nh0 · age_up feudal |
| 14:04 | M0rT1nh0 · first_building Barracks |
| 14:08 | TakEru · age_up feudal |
| 14:44 | SlappyGJ · age_up feudal |
| 14:46 | yuXs · wall_segment Palisade Wall x7 |
| 14:49 | M0rT1nh0 · first_building Stable |
| 14:59 | Jesusssx · age_up feudal |
| 15:12 | 月儿 · first_building Barracks |
| 15:13 | Jesusssx · first_building Stable |
| 15:19 | 月儿 · age_up feudal |
| 15:38 | The king · age_up feudal |
| 15:48 | The king · first_building Stable |
| 16:18 | 月儿 · first_building Stable |
| 17:56 | The king · wall_segment Palisade Wall x5 |
| 18:05 | M0rT1nh0 · age_up castle |
| 18:10 | M0rT1nh0 · first_building Siege Workshop |
| 18:21 | SlappyGJ · first_building Barracks |
| 18:42 | yuXs · age_up feudal |
| 18:56 | TakEru · wall_segment Palisade Wall x1 |
| 19:07 | SlappyGJ · wall_segment Palisade Wall x2 |
| 19:41 | yuXs · wall_segment Palisade Wall x8 |
| 19:51 | yuXs · first_market_sell 100 food |
| 19:56 | 月儿 · age_up castle |
| 20:00 | SlappyGJ · wall_segment Palisade Wall x4 |
| 20:20 | The king · age_up castle |
| 20:20 | TakEru · first_building Barracks |
| 20:22 | Jesusssx · wall_segment Palisade Wall x1 |
| 20:24 | Jesusssx · wall_segment Palisade Wall x1 |
| 20:26 | Jesusssx · wall_segment Palisade Wall x1 |
| 20:28 | Jesusssx · wall_segment Palisade Wall x1 |
| 20:30 | SlappyGJ · first_building Archery Range |
| 21:04 | yuXs · first_building Barracks |
| 21:20 | yuXs · wall_segment Palisade Wall x11 |
| 21:29 | TakEru · first_building Stable |
| 21:53 | Jesusssx · wall_segment Palisade Wall x1 |
| 21:57 | Jesusssx · wall_segment Palisade Wall x1 |
| 21:58 | Jesusssx · wall_segment Palisade Wall x1 |
| 21:59 | Jesusssx · wall_segment Palisade Wall x1 |
| 22:00 | Jesusssx · wall_segment Palisade Wall x1 |
| 22:02 | yuXs · first_building Stable |
| 22:04 | Jesusssx · wall_segment Palisade Wall x1 |
| 22:17 | yuXs · age_up castle |
| 22:25 | SlappyGJ · first_building Stable |
| 22:50 | Legendary. · resign |
| 23:28 | Jesusssx · wall_segment Palisade Wall x1 |
| 23:29 | Jesusssx · wall_segment Palisade Wall x1 |
| 24:30 | SlappyGJ · age_up castle |
| 24:58 | TakEru · age_up castle |
| 25:54 | SlappyGJ · first_building Castle |
| 26:21 | 月儿 · first_building Castle |
| 26:57 | TakEru · first_building Siege Workshop |
| 26:58 | yuXs · first_market_buy 100 stone |
| 27:57 | The king · first_building Krepost |
| 29:25 | TakEru · first_market_sell 100 stone |
| 29:26 | TakEru · first_market_buy 100 food |
| 29:36 | Jesusssx · age_up castle |
| 29:57 | M0rT1nh0 · first_building Castle |
| 32:07 | The king · first_building Monastery |
| 32:22 | The king · first_building Castle |
| 34:07 | M0rT1nh0 · first_market_sell 100 food |
| 34:16 | yuXs · first_building Castle |
[ AI ANALYSIS · 1 CREDIT ]
What really happened in this match?
Wolo.gg analyzes every decision: build order, eco, micro, common mistakes by bracket. Personalized analysis on WhatsApp or Discord in 30 seconds.
Civ guide
Persians
Perfil
Jugador #5080710